 Dungeon Crawl Stone Soup version 0.25-a0-424-g80bd347 (webtiles) character file.

Game seed: 1228215727301953950, levelgen mode: deterministic

7264 silenth the Cleaver (level 11, -4/101 HPs)
             Began as a Hill Orc Fighter on Jan 22, 2020.
             Was a Follower of Nemelex Xobeh.
             Killed from afar by an ice statue (13 damage)
             ... with a shard of ice
             ... on level 9 of the Dungeon.
             The game lasted 00:11:22 (7855 turns).

silenth the Cleaver (Hill Orc Fighter)              Turns: 7855, Time: 00:11:23

Health: -4/101     AC: 17    Str: 23    XL:     11   Next: 12%
Magic:  17/17      EV:  5    Int:  8    God:    Nemelex Xobeh [*.....]
Gold:   708        SH: 10    Dex: 16    Spells: 10/10 levels left

rFire    . . .     SeeInvis +   a - +11 war axe "Aresut" {drain, Dex+6}
rCold    . . .     Gourm    .   c - +0 shield
rNeg     . . .     Faith    .   x - +0 plate armour
rPois    .         Spirit   .   r - +1 helmet
rElec    .         Reflect  .   C - +2 cloak
rCorr    .         Harm     .   (no gloves)
MR       .....                  (no boots)
Stlth    ..........             (no amulet)
HPRegen  0.26/turn              g - ring of see invisible
MPRegen  0.15/turn              u - ring of wizardry

@: flying
A: no striking features
a: Draw Escape, Draw Destruction, Draw Summoning, Renounce Religion


You were on level 9 of the Dungeon.
You worshipped Nemelex Xobeh.
Nemelex Xobeh was aware of your devotion.
You were not hungry.

You visited 2 branches of the dungeon, and saw 10 of its levels.

You collected 708 gold pieces.

Inventory:

Hand Weapons
 a - the +11 war axe "Aresut" (weapon) {drain, Dex+6}
   (You found it on level 9 of the Dungeon)

   A truly terrible weapon, it drains the life of those it strikes.
   It affects your dexterity (+6).
 o - a +0 flail
 z - a +1 war axe
Missiles
 q - a throwing net (quivered)
Armour
 b - a +0 scale mail
 c - a +0 shield (worn)
 n - a +0 helmet
 r - a +1 helmet (worn)
 t - a +0 chain mail
 v - cursed +0 steam dragon scales
 x - a +0 plate armour (worn)
 C - a +2 cloak (worn)
Jewellery
 g - a ring of see invisible (left hand)
 u - a ring of wizardry (right hand)
Wands
 f - a wand of random effects (36)
 B - a wand of flame (5)
 E - a wand of iceblast (16)
 F - a wand of polymorph (8)
Scrolls
 i - 2 scrolls of identify
 j - 4 scrolls of teleportation
 k - a scroll of enchant weapon
 m - 3 scrolls of fog
 y - 2 scrolls of blinking
Potions
 h - 3 potions of curing
 l - 2 potions of cancellation
 p - a potion of agility
 s - a potion of haste
 w - a potion of might
 D - a potion of berserk rage
Comestibles
 e - 17 rations


   Skills:
 + Level 10.6 Fighting
 * Level 14.8 Axes
 + Level 4.0 Armour
 + Level 1.5 Dodging
 - Level 3.2 Shields
 * Level 9.3 Invocations
 * Level 2.8 Evocations


You had 10 spell levels left.
You didn't know any spells.
Your spell library contained the following spells:

 Spells                   Type           Power        Failure   Level  Hunger
 Corona                   Hex            #......      100%        1    ##.....
 Freeze                   Ice            #...         100%        1    ##.....
 Slow                     Hex            #.......     100%        2    ###....
 Inner Flame              Hex/Fire       #.......     100%        3    ####...
 Ozocubu's Armour         Chrm/Ice       #.......     100%        3    ####...
 Portal Projectile        Hex/Tloc       #.....       100%        3    ####...
 Cause Fear               Hex            #.........   100%        4    #####..
 Hailstorm                Conj/Ice       #.......     100%        4    #####..
 Leda's Liquefaction      Hex/Erth       #.........   100%        4    #####..
 Summon Ice Beast         Ice/Summ       #.......     100%        4    #####..


Dungeon Overview and Level Annotations

Branches:
Dungeon (9/15)             Temple (1/1) D:7
   Lair: D:8-11         Orc: D:9-12

Altars:
Ashenzari
Cheibriados
Dithmenos
Elyvilon
Fedhas
Gozag
Hepliaklqana
Kikubaaqudgha
Makhleb
Nemelex Xobeh
Okawaru
Qazlal
Ru
Sif Muna
Trog
Uskayaw
Vehumet
Wu Jian
Xom
Yredelemnul
Zin
The Shining One

Annotations:
D:4 2 transporters
D:9 exclusion: ice statue


Message History

* * * LOW HITPOINT WARNING * * *
The ice statue gestures.
The ice beast barely misses you.
You slash the ice statue!
The ice statue is moderately damaged.
You slash the ice beast!
You kill the ice beast!
Your shield and plate armour prevent you from hitting the ice beast.
You are engulfed in freezing vapours.
* * * LOW HITPOINT WARNING * * *
The ice statue gestures at you. The bolt of cold misses you.
You block the ice beast's attack.
You feel much better.
You are engulfed in freezing vapours.
* * * LOW HITPOINT WARNING * * *
The ice statue gestures at you. You block the shard of ice.
The ice beast completely misses you. The ice statue gestures at you.
The shard of ice hits you!
You die...
Your body disappears without a glow.

≈≈≈≈≈###≈≈≈≈≈≈≈≈≈≈≈......
≈≈≈≈≈≈≈≈≈≈≈≈≈≈≈≈≈≈≈......
≈≈≈≈≈≈≈≈≈≈≈≈≈≈≈≈≈≈≈......
≈≈≈≈≈≈≈°≈≈≈≈≈≈≈≈≈≈≈......
≈≈≈≈≈≈≈°≈≈≈≈≈≈≈≈≈≈≈......
≈≈≈≈≈≈≈°≈≈≈≈≈≈≈≈≈≈≈......
≈≈≈≈≈≈≈≈Y≈≈≈≈≈≈≈≈≈≈......
≈≈≈≈≈≈≈Y≈≈≈≈≈≈≈≈≈≈≈......
≈≈≈≈≈≈≈8@≈≈≈≈≈≈≈≈≈≈......
≈≈≈≈≈≈≈≈≈≈≈≈≈≈≈≈≈≈≈......
≈≈≈≈≈≈≈≈≈≈≈≈≈≈≈≈≈≈≈......
≈≈≈≈≈≈≈≈≈≈≈≈≈≈≈≈≈≈≈≈.....
≈≈≈≈≈≈≈≈≈≈≈≈≈≈≈≈≈≈≈≈.....
≈≈≈≈≈≈≈≈≈≈≈≈≈≈≈≈≈≈≈≈.)...
≈≈≈≈≈≈≈≈≈≈≈≈≈≈≈≈≈≈≈≈.....
≈≈≈≈##≈≈≈≈≈≈≈≈≈≈≈≈≈.....
≈≈≈≈≈≈≈≈≈.....


You could see an ice statue and 2 ice beasts.

Vanquished Creatures
  2 two-headed ogres
  Joseph (D:8)
  Maggie (D:8)
  A troll (D:9)
  A hippogriff (D:9)
  Sigmund (D:3)
  A wyvern (D:8)
  A hungry ghost (D:7)
  A black bear (D:8)
  10 ice beasts (D:9)
  2 orc warriors
  3 sky beasts
  5 ogres
  A centaur (D:8)
  A crocodile (D:9)
  Blork the orc (D:6)
  5 bullfrogs
  A big kobold (D:8)
  2 scorpions
  4 wights (D:6)
  8 howler monkeys
  4 electric eels (D:9)
  7 crimson imps
  A bullfrog zombie (D:4)
  4 hounds
  3 jellies
  Crazy Yiuf (D:6)
  2 orc priests
  2 bullfrog skeletons
  6 orc wizards
  Natasha (thrice) (D:4)
  4 iguanas
  3 worker ants
  A worker ant zombie (D:8)
  A howler monkey zombie (D:5)
  7 adders
  A shadow imp (D:7)
  An ooze (D:4)
  3 worms
  4 dart slugs
  7 leopard geckos
  29 orcs
  2 ball pythons
  5 giant cockroaches
  5 goblins
  7 hobgoblins
  9 jackals
  3 quokkas
  7 bats
  8 frilled lizards
  6 kobolds
  A quokka skeleton (D:4)
  A quokka zombie (D:7)
  4 rats
205 creatures vanquished.

Vanquished Creatures (others)
  An orc wizard (D:8)
  An adder (D:3)
  A quokka (D:3)
  4 toadstools (D:5)
7 creatures vanquished.

Grand Total: 212 creatures vanquished

Notes
Turn   | Place    | Note
-------+----------+-------------------------------------------
     0 | D:1      | silenth the Hill Orc Fighter began the quest for the Orb.
     0 | D:1      | Reached XP level 1. HP: 19/19 MP: 1/1
    19 | D:1      | Reached skill level 3 in Axes
    69 | D:1      | Reached XP level 2. HP: 27/27 MP: 2/2
   137 | D:1      | Reached skill level 4 in Fighting
   213 | D:1      | Reached skill level 4 in Axes
   260 | D:1      | Reached XP level 3. HP: 33/33 MP: 3/3
   845 | D:2      | Found a radiant altar of Vehumet.
   855 | D:2      | Found a basalt altar of Yredelemnul.
   857 | D:2      | Found an opulent altar of Gozag.
   986 | D:3      | Noticed Sigmund
   995 | D:3      | Killed Sigmund
   995 | D:3      | Reached skill level 5 in Fighting
   995 | D:3      | Reached skill level 6 in Axes
   995 | D:3      | Reached XP level 4. HP: 34/42 MP: 4/4
   995 | D:3      | Reached XP level 5. HP: 39/48 MP: 5/5
  1027 | D:3      | Reached XP level 6. HP: 52/56 MP: 6/6
  1206 | D:3      | Found a white marble altar of Elyvilon.
  1547 | D:3      | Found a snail-covered altar of Cheibriados.
  1644 | D:3      | Reached skill level 7 in Axes
  1854 | D:4      | Found a shimmering altar of Xom.
  1854 | D:4      | Found a shimmering altar of Xom.
  1893 | D:4      | Found a shimmering altar of Xom.
  1894 | D:4      | Found a shimmering altar of Xom.
  1894 | D:4      | Found a shimmering altar of Xom.
  1897 | D:4      | Found a shimmering altar of Xom.
  1897 | D:4      | Found a shimmering altar of Xom.
  1940 | D:4      | Found a transporter.
  1958 | D:4      | Found a transporter.
  1980 | D:4      | Reached skill level 6 in Fighting
  1980 | D:4      | Reached skill level 8 in Axes
  1980 | D:4      | Reached XP level 7. HP: 40/63 MP: 7/7
  2068 | D:4      | Noticed Natasha
  2071 | D:4      | Killed Natasha
  2151 | D:4      | Noticed Natasha
  2159 | D:4      | Killed Natasha
  2208 | D:4      | Noticed Natasha
  2213 | D:4      | Killed Natasha
  2289 | D:4      | Reached skill level 9 in Axes
  2710 | D:5      | Entered Level 5 of the Dungeon
  2739 | D:5      | Reached skill level 7 in Fighting
  2739 | D:5      | Reached XP level 8. HP: 73/73 MP: 8/8
  2821 | D:5      | Found a glowing silver altar of Zin.
  2980 | D:5      | Reached skill level 10 in Axes
  3739 | D:6      | Reached skill level 11 in Axes
  3741 | D:6      | Reached skill level 8 in Fighting
  3886 | D:6      | Found a shimmering blue altar of Sif Muna.
  3942 | D:6      | Found an ancient bone altar of Kikubaaqudgha.
  4275 | D:6      | Reached XP level 9. HP: 73/82 MP: 9/9
  4311 | D:6      | Noticed Blork the orc
  4325 | D:6      | Killed Blork the orc
  4325 | D:6      | Reached skill level 12 in Axes
  4439 | D:6      | Found a runed translucent door.
  4440 | D:6      | Noticed Crazy Yiuf
  4675 | D:6      | Killed Crazy Yiuf
  4794 | D:7      | Found a staircase to the Ecumenical Temple.
  4817 | Temple   | Entered the Ecumenical Temple
  5013 | Temple   | Became a worshipper of Nemelex Xobeh the Trickster
  5055 | D:7      | Received a gift from Nemelex Xobeh
  5066 | D:7      | Found an ornate altar of the Wu Jian Council.
  5244 | D:7      | Reached skill level 9 in Fighting
  5244 | D:7      | Reached skill level 1 in Invocations
  5511 | D:7      | Reached skill level 2 in Invocations
  5757 | D:7      | Reached * piety under Nemelex Xobeh
  5899 | D:8      | Reached skill level 3 in Invocations
  6005 | D:8      | Noticed a two-headed ogre
  6026 | D:8      | HP: 8/83 [two-headed ogre/+0 giant spiked club (13)]
  6029 | D:8      | Killed a two-headed ogre
  6029 | D:8      | Reached skill level 13 in Axes
  6029 | D:8      | Reached skill level 5 in Invocations
  6039 | D:8      | Noticed Maggie
  6052 | D:8      | Killed Maggie
  6052 | D:8      | Reached skill level 6 in Invocations
  6052 | D:8      | Reached XP level 10. HP: 51/92 MP: 14/14
  6430 | D:8      | Reached skill level 10 in Fighting
  6451 | D:8      | Reached skill level 7 in Invocations
  6460 | D:8      | Found a stormy altar of Qazlal.
  6549 | D:8      | Reached skill level 14 in Axes
  6575 | D:8      | Noticed Joseph
  6589 | D:8      | Killed Joseph
  6898 | D:9      | Reached skill level 8 in Invocations
  7066 | D:9      | Noticed a two-headed ogre
  7070 | D:9      | Killed a two-headed ogre
  7070 | D:9      | Reached skill level 1 in Evocations
  7099 | D:9      | Reached skill level 1 in Dodging
  7115 | D:9      | Reached skill level 2 in Evocations
  7156 | D:9      | Reached XP level 11. HP: 87/101 MP: 17/17
  7170 | D:9      | Received a gift from Nemelex Xobeh
  7185 | D:9      | Reached skill level 9 in Invocations
  7190 | D:9      | Found a blossoming altar of Fedhas.
  7632 | D:9      | Got a crystal war axe
  7633 | D:9      | Identified the +11 war axe "Aresut" {drain, Dex+6} (You
                  | found it on level 9 of the Dungeon)
  7647 | D:9      | Reached skill level 4 in Armour
  7854 | D:9      | HP: 8/101 [ice statue] (31)]
  7855 | D:9      | Killed from afar by an ice statue

Levels and vault maps discovered:
D:1:      scummos_arrival_forest, layout_basic
D:2:      layout_basic, grunt_temple_overflow_open, grunt_ministairs_10
D:3:      layout_loops_corners, kennysheep_slug_shrine, first_ration,
          elyvilon_altar_4, uniq_sigmund
D:4:      gammafunk_wand_slinger, layout_loops_ring, nicolae_xom_altar_mimics,
          uniq_natasha
D:5:      layout_loops_ring, old_standard_altar, minmay_misc_feat_x,
          serial_bayou_lagoon_a, minmay_gold_behind_fungi
D:6:      layout_basic, lemuel_blue_sif_altar, nicolae_overflow_crystal_walls,
          uniq_blork_the_orc, uniq_crazy_yiuf_cottage
D:7:      layout_loops_cross, lemuel_crystal_altar,
          minmay_temple_entry_steel_oval, minmay_holes
D:8:      layout_basic, grunt_qazlal_sundering, uniq_joseph, uniq_maggie
D:9:      minmay_twisted_water, layout_basic, fedhas_altar_3, serial_rivers,
          chequers_serial_rivers_small_3, chequers_serial_rivers_marsh,
          chequers_serial_rivers_small_b, chequers_serial_rivers_marsh
Temple:   minmay_temple_bridge_abc

Skill      XL: |  1  2  3  4  5  6  7  8  9 10 11 |
---------------+----------------------------------+-----
Axes           | 3 4 6 8 9 11 13 14 | 14.8
Fighting       | 4 5 6 7 8 9 10 | 10.6
Invocations    | 6 8 9 |  9.3
Evocations     | 2 |  2.8
Dodging        | 1 |  1.5
Armour         | 4 |  4.0
Shields        | |  3.2

Action                   |  1- 3 |  4- 6 |  7- 9 | 10-12 || total
-------------------------+-------+-------+-------+-------++-------
Melee: War axe           |    91 |    87 |   328 |   234 ||   740
Throw: Throwing net      |       |       |     2 |       ||     2
 Abil: Draw Destruction  |       |       |       |     3 ||     3
Evoke: Wand              |       |       |       |     8 ||     8
  Use: Potion            |     1 |     1 |     4 |     2 ||     8
       Scroll            |       |     4 |    11 |     1 ||    16
 Stab: Invisible         |       |       |     2 |     2 ||     4
  Eat: Chunk             |       |     4 |    14 |     6 ||    24
       Ration            |       |       |     1 |     1 ||     2
Armor: Scale mail        |    47 |    25 |       |       ||    72
       Skin              |       |     4 |     5 |       ||     9
       Chain mail        |       |     2 |    35 |       ||    37
       Plate armour      |       |       |    96 |   139 ||   235
Dodge: Dodged            |    42 |    15 |    37 |    31 ||   125
Block: Shield            |    65 |    35 |   119 |    87 ||   306

Table legend:
 A = Non-vault XP
 B = Vault XP
 C = Vault XP percentage of total XP
 D = Non-vault monster count
 E = Vault monster count
 F = Vault count percentage of total count
                 A         B        C        D         E       F
            +---------+---------+-------+---------+---------+-------
      Total |    7773 |    2605 |  25.1 |     187 |      19 |   9.2
            +---------+---------+-------+---------+---------+-------
        D:1 |      35 |       0 |   0.0 |      17 |       0 |   0.0
        D:2 |      38 |       2 |   5.0 |      17 |       2 |  10.5
        D:3 |      67 |     231 |  77.5 |      21 |       2 |   8.7
        D:4 |     736 |      35 |   4.5 |      17 |       1 |   5.6
        D:5 |     563 |       0 |   0.0 |      15 |       0 |   0.0
        D:6 |     669 |     141 |  17.4 |      14 |       2 |  12.5
        D:7 |     799 |       0 |   0.0 |      23 |       0 |   0.0
        D:8 |    2430 |     907 |  27.2 |      35 |       2 |   5.4
        D:9 |    2436 |    1289 |  34.6 |      28 |      10 |  26.3
            +---------+---------+-------+---------+---------+-------
